 Dungeon Crawl Stone Soup version 0.26-a0-667-g92642533e4 (webtiles) character file.

Game seed: 1196070122646336940

1111 somkeydreadnuts the Covert (level 8, -7/40 HPs)
             Began as a Spriggan Brigand on Oct 17, 2020.
             Was an Initiate of Gozag.
             Mangled by an ogre
             ... wielding a +0 giant club
              (14 damage)
             ... on level 5 of the Dungeon.
             The game lasted 00:24:38 (5404 turns).

somkeydreadnuts the Covert (Spriggan Brigand)       Turns: 5404, Time: 00:24:38

Health: -7/40      AC:  3    Str:  7    XL:     8   Next: 11%
Magic:  9/9        EV: 30    Int: 12    God:    Gozag
Gold:   372        SH:  5    Dex: 20    Spells: 7/7 levels left

rFire    + . .     SeeInvis +   q - +4 dagger (speed)
rCold    x . .     Faith    .   (shield restricted)
rNeg     . . .     Spirit   .   b - +0 robe
rPois    .         Reflect  +   (helmet restricted)
rElec    .         Harm     .   c - +0 cloak
rCorr    .         Rampage  .   (gloves unavailable)
MR       +....                  (boots unavailable)
Stlth    +++++.....             x - amulet of reflection
HPRegen  0.13/turn              i - ring of fire
MPRegen  0.11/turn              h - +4 ring of evasion

@: gold aura, very quick
A: very small, unfitting armour, see invisible, speed 3
a: Potion Petition, Call Merchant, Bribe Branch, Renounce Religion


You were on level 5 of the Dungeon.
You worshipped Gozag.
Gozag was aware of your devotion.
You visited 2 branches of the dungeon, and saw 6 of its levels.
You also visited: Sewer.

You collected 426 gold pieces.
You paid 54 gold pieces to Gozag.

Inventory:

Hand Weapons
 a - a +2 dagger
 q - a +4 dagger of speed (weapon)
Missiles
 d - 27 poisoned darts (quivered)
 e - 2 curare-tipped darts
 g - 51 arrows
 o - 106 stones
 y - 2 throwing nets
Armour
 b - a +0 robe (worn)
 c - a +0 cloak (worn)
Jewellery
 f - a +6 ring of intelligence
 h - a +4 ring of evasion (right hand)
 i - a ring of fire (left hand)
 t - an uncursed ring of fire
 x - an amulet of reflection (around neck)
Scrolls
 j - 2 scrolls of random uselessness {unknown}
 m - a scroll of enchant armour {unknown}
 n - 2 scrolls of fear {unknown}
 p - 3 scrolls of identify {unknown}
 r - 2 scrolls of fog {unknown}
 s - 6 scrolls of teleportation {unknown}
 u - a scroll of noise {unknown}
 w - 2 scrolls of enchant weapon {unknown}
 D - 2 scrolls of magic mapping {unknown}
 E - a scroll of blinking {unknown}
Potions
 k - 3 potions of berserk rage {unknown}
 l - a potion of resistance {unknown}
 v - a potion of lignification {unknown}
 z - 2 potions of might {unknown}
 A - 3 potions of heal wounds {unknown}
 B - a potion of magic {unknown}
 C - 2 potions of brilliance {unknown}


   Skills:
 - Level 3.3 Fighting
 - Level 2.1 Short Blades
 - Level 2.0 Throwing
 + Level 9.6 Dodging
 - Level 10.5 Stealth


You had 7 spell levels left.
You didn't know any spells.
Your spell library was empty.

Dungeon Overview and Level Annotations

Branches:
Dungeon (5/15)             Temple (1/1) D:4           Sewer (visited)

Altars:
Ashenzari
Cheibriados
Elyvilon
Gozag
Hepliaklqana
Kikubaaqudgha
Nemelex Xobeh
Qazlal
Ru
Sif Muna
Vehumet
Wu Jian
Xom
Yredelemnul
Zin
The Shining One

Annotations:
D:4 1 runed translucent door, robertstho's ghost, amateur KoHu


Innate Abilities, Weirdness & Mutations

You are very small and have problems with some larger weapons.
You are too small for most types of armour.
You have supernaturally acute eyesight. (SInv)
You cover ground extremely quickly.


Message History

You hit the ogre.
The ogre is moderately wounded.
You hit the ogre but do no damage.
The ogre is moderately wounded.
The ogre misses you.
You hit the ogre.
The ogre is heavily wounded.
You barely miss the ogre.
The ogre is heavily wounded.
The ogre hits you with a +0 giant club!
* * * LOW HITPOINT WARNING * * *
You completely miss the ogre.
The ogre is moderately wounded.
You hit the ogre.
The ogre is heavily wounded.
You hit the ogre.
The ogre is severely wounded.
The ogre hits you with a +0 giant club!
You die...
Your body crumbles into a pile of gold.

..## #### #?.. ..#
#..# #.# #..#
######.### #..#
#........### #..#
#.###...<...
#..####.###..####.
#...........#.#
#@#####.##..##.#
#############O#
#.###.# ##
.((.........#.#####.#
#..#
...((.((....$(.......
#....
###########.########.
.###.# #.# ..# #..
#># ## ## #.. ##.


You could see an ogre.

Vanquished Creatures
  Sigmund (D:2)
  2 phantoms (D:4)
  An ice beast (D:5)
  An ogre (D:4)
  A big kobold (Sewer)
  Blork the orc (D:5)
  2 scorpions (D:4)
  2 hounds
  3 orc priests (D:4)
  A worker ant (D:4)
  A river rat (Sewer)
  9 adders
  2 oozes
  5 worms
  A dart slug (D:2)
  2 leopard geckos
  6 orcs
  5 giant cockroaches
  3 hobgoblins
  3 jackals (D:2)
  8 kobolds
  7 ball pythons
  11 bats
  5 frilled lizards
  11 goblins
  A jackal skeleton (D:4)
  18 rats
113 creatures vanquished.

Vanquished Creatures (others)
  2 plants (D:1)
2 creatures vanquished.

Grand Total: 115 creatures vanquished

Notes
Turn   | Place    | Note
-------+----------+-------------------------------------------
     0 | D:1      | somkeydreadnuts the Spriggan Brigand began the quest for
                  | the Orb.
     0 | D:1      | Reached XP level 1. HP: 10/10 MP: 2/2
   112 | D:1      | Reached skill level 6 in Stealth
   286 | D:1      | Reached XP level 2. HP: 14/14 MP: 3/3
   589 | D:1      | Reached skill level 7 in Stealth
  1208 | D:2      | Reached XP level 3. HP: 18/18 MP: 4/4
  1317 | D:2      | Reached skill level 8 in Stealth
  1465 | D:2      | Noticed Sigmund
  1483 | D:2      | Killed Sigmund
  1483 | D:2      | Reached skill level 10 in Stealth
  1483 | D:2      | Reached XP level 4. HP: 22/22 MP: 5/5
  1483 | D:2      | Reached XP level 5. HP: 25/25 MP: 6/6
  1593 | D:2      | Found a hazy altar of Hepliaklqana.
  2031 | D:3      | Found a sparkling altar of Nemelex Xobeh.
  2357 | D:3      | Reached XP level 6. HP: 30/30 MP: 7/7
  2701 | D:4      | Found a broken altar of Ashenzari.
  2791 | D:4      | Found a staircase to the Ecumenical Temple.
  2800 | Temple   | Entered the Ecumenical Temple
  2920 | Temple   | Became a worshipper of Gozag Ym Sagoz the Greedy
  3052 | D:4      | Found a glowing drain.
  3119 | Sewer    | Entered a sewer
  3459 | Sewer    | Reached XP level 7. HP: 36/36 MP: 8/8
  3893 | D:4      | Reached skill level 5 in Dodging
  4447 | D:4      | Found a runed translucent door.
  4448 | D:4      | Noticed robertstho's ghost (amateur KoHu)
  4985 | D:5      | Entered Level 5 of the Dungeon
  5007 | D:5      | Reached XP level 8. HP: 21/40 MP: 9/9
  5365 | D:5      | Noticed Blork the orc
  5392 | D:5      | Killed Blork the orc
  5404 | D:5      | Mangled by an ogre

Illustrated notes

Levels and vault maps discovered:
D:1:      kennysheep_arrival_seaside, layout_basic
D:2:      layout_basic, old_standard_altar, kennysheep_crisscross, uniq_sigmund
D:3:      layout_rooms, overflow_temple_1_default
D:4:      layout_loops_corners, nicolae_ashenzari_panopticon,
          minmay_temple_entry_poolview, cheibrodos_sewer_entry_sluice,
          ebering_ghost_inner_flame
D:5:      layout_loops_ring, corexii_item_surrounded_by_moat, uniq_blork_the_orc
Temple:   cyrus_circular_temple

Skill      XL: |  1  2  3  4  5  6  7 |
---------------+----------------------+-----
Stealth        | 6 7 10 | 10.5
Dodging        | 2 4 9 |  9.6
Fighting       | 2 3 |  3.3
Short Blades   | |  2.1
Throwing       | |  2.0

Action                   |  1- 3 |  4- 6 |  7- 9 || total
-------------------------+-------+-------+-------++-------
Melee: Dagger            |   142 |   173 |   182 ||   497
Throw: Dart              |    12 |    15 |    19 ||    46
  Use: Scroll            |     1 |       |       ||     1
 Stab: Sleeping          |     5 |    10 |     1 ||    16
       Distracted        |     1 |     1 |       ||     2
Armor: Robe              |    21 |    10 |     6 ||    37
Dodge: Dodged            |   140 |    81 |    98 ||   319
Block: Other             |       |     9 |    24 ||    33

Table legend: (Time is in decaauts)
 A = Elapsed time spent in this place.
 B = Non-inter-level travel time spent in this place.
 C = Inter-level travel time spent in this place.
 D = Time resting spent in this place.
 E = Time spent auto-exploring this place.
 F = Levels seen in this place.
 G = Mean time per level.
                   A        B        C        D        E       F      G
               +--------+--------+--------+--------+--------+-----+--------+
         Total |   4061 |   3959 |    102 |      0 |   2537 |   7 |  580.1 |
       Dungeon |   3360 |   3333 |     27 |      0 |   2220 |   5 |  672.0 |
        Temple |    101 |     26 |     75 |      0 |      0 |   1 |  101.0 |
         Sewer |    600 |    600 |      0 |      0 |    317 |   1 |  600.0 |
               +--------+--------+--------+--------+--------+-----+--------+

Top non-repeatable levels by time:
     D:4: 1224 daAuts
     D:1: 873 daAuts
   Sewer: 600 daAuts
     D:2: 578 daAuts
     D:5: 376 daAuts
     D:3: 307 daAuts
  Temple: 101 daAuts
